 Dungeon Crawl Stone Soup version 0.31.0-11-ge490571c62 (webtiles) character file.

Game seed: 1110848431928804162

756 Drazool the Cutter (level 7, -7/81 HPs)
             Began as a Vampire Air Elementalist on Jan 27, 2024.
             Was an Initiate of Cheibriados.
             Mangled by Pikel
             ... wielding a +0 whip of electrocution
              (14 damage)
             ... on level 5 of the Dungeon.
             The game lasted 00:22:43 (3626 turns).

Drazool the Cutter (Vampire Air Elementalist)       Turns: 3626, Time: 00:22:44

Health: -7/81      AC: 20    Str: 10    XL:     7   Next: 50%
Magic:  10/10      EV: -3    Int: 18    God:    Cheibriados [......]
Gold:   270        SH:  0    Dex: 16    Spells: 9/10 levels left

rFire   . . .        e - +0 short sword (drain)
rCold   . . .        (no shield)
rNeg    . . .        c - +2 crystal plate armour
rPois   .            (no helmet)
rElec   .            i - +0 cloak
rCorr   .            d - +0 pair of gloves
SInv    +            (no boots)
Will    .....        (no amulet) Stlth
                     (no ring)
HPRegen 0.53/turn    (no ring)
MPRegen 0.12/turn

%: no passive effects
@: berserking, healing quickly, very slow
A: alive, fangs 3, see invisible, vampiric 2
a: Exsanguinate, Renounce Religion


You were on level 5 of the Dungeon.
You worshipped Cheibriados.
Cheibriados was noncommittal.
You visited 2 branches of the dungeon, and saw 6 of its levels.

You collected 270 gold pieces.


Innate Abilities, Weirdness & Mutations

Your natural rate of healing is accelerated.
You have razor-sharp teeth.
You have supernaturally acute eyesight. (SInv)
You are afflicted with vampirism and can become a bat while bloodless.


   Skills:
 + Level 4.0 Fighting
 - Level 5.0 Short Blades
 - Level 3.0 Armour
 - Level 2.1 Dodging
 - Level 3.0 Stealth
 - Level 2.0 Spellcasting
 - Level 0.6 Conjurations
 - Level 4.4 Air Magic


You had 9 spell levels left.
You knew the following spells:

 Your Spells              Type           Power      Damage    Failure   Level
z - Shock                 Conj/Air       40%        1d5       100%        1

Your spell library contained the following spells:

 Spells                   Type           Power      Damage    Failure   Level
 Static Discharge         Conj/Air       20%        3-4/arc   100%        2
 Ozocubu's Armour         Ice            1%         N/A       100%        3
 Swiftness                Air            17%        N/A       100%        3
 Airstrike                Air            8%         2d(2-18)  100%        4
 Metabolic Englaciation   Hex/Ice        0%         N/A       100%        5
 Sculpt Simulacrum        Ice/Alch       0%         N/A       100%        6

Inventory:

Hand Weapons
 e - a +0 short sword of draining (weapon)
 v - a +3 dagger
Missiles
 q - 2 poisoned darts (quivered)
Armour
 c - a +2 crystal plate armour (worn)
 d - a +0 pair of gloves (worn)
 i - a +0 cloak (worn)
Magical Staves
 s - a staff of death {!a}
Jewellery
 M - a ring of magical power
Scrolls
 f - a scroll of enchant weapon
 g - 2 scrolls of poison
 j - 2 scrolls of torment
 m - 2 scrolls of blinking
 n - a scroll of teleportation {unknown}
 p - a scroll of fog {unknown}
 r - a scroll of noise
 t - a scroll of amnesia
Potions
 a - a potion of haste {unknown}
 b - 2 potions of magic
 k - 3 potions of curing {@q1}
 l - a potion of brilliance {unknown}
 o - a potion of attraction {unknown}
 u - a potion of lignification {unknown}
 w - a potion of resistance {unknown}

Dungeon Overview and Level Annotations

Branches:
Dungeon (5/15)             Temple (1/1) D:4

Altars:
Ashenzari
Cheibriados
Fedhas
Gozag
Hepliaklqana
Kikubaaqudgha
Makhleb
Okawaru
Qazlal
Trog
Vehumet
Xom

Annotations:
D:5 Pikel

...........#.....#
...........#.....#
##+####....##....#
##...##<...##...#########
##.........##...##......##
..........................
..........................
........................##
................@.......#
###..##########K#########
#'# #5# <. #.. #5.. #...5
#..... #...... #.####..


You could see Pikel (drained) and 2 lemures.


Message History

A red film seems to cover your vision as you go berserk!
Cheibriados forces you to slow down.
You feel mighty! Pikel hits you but does no damage.
You hit Pikel.
Pikel is moderately wounded.
Pikel says, "Hell isn't that bad."
Pikel hits you but does no damage.
You barely miss Pikel.
Pikel is moderately wounded.
Pikel hits you with a +0 whip of electrocution.
* * * LOW HITPOINT WARNING * * *
You barely miss Pikel.
Pikel is moderately wounded.
You hit Pikel. Your bite misses Pikel.
Pikel is moderately wounded.
Pikel hits you but does no damage.
You are electrocuted!
* * * LOW HITPOINT WARNING * * *
You closely miss Pikel.
Pikel is moderately wounded.
Pikel hits you but does no damage.
You are electrocuted!
* * * LOW HITPOINT WARNING * * *
A lemure comes into view.
You hit Pikel. You drain Pikel.
Pikel is heavily wounded.
Pikel hits you but does no damage.
You are electrocuted!
You die...
Pikel says, "See you in Hell!"

Skill      XL: |  1  2  3  4  5  6  7 |
---------------+----------------------+-----
Air Magic      | 4 |  4.4
Short Blades   | 2 4 5 |  5.0
Fighting       | 1 3 4 |  4.0
Armour         | 2 3 |  3.0
Dodging        | |  2.1
Stealth        | |  3.0
Spellcasting   | |  2.0
Conjurations   | |  0.6

Action                     |  1- 3 |  4- 6 |  7- 9 || total
---------------------------+-------+-------+-------++-------
  Melee: Short sword       |    69 |   249 |    86 ||   404
         Bite              |    13 |    23 |     8 ||    44
         Punch             |     2 |     3 |     1 ||     6
         Unarmed           |     1 |       |       ||     1
  Throw: Dart              |       |     7 |     3 ||    10
   Cast: Shock             |    23 |       |       ||    23
    Use: Scroll            |       |     9 |     1 ||    10
         Potion            |       |       |     2 ||     2
 Armour: Robe              |     7 |       |       ||     7
         Crystal plate arm |    54 |   187 |    67 ||   308
  Dodge: Dodged            |    14 |     4 |     3 ||    21

Levels and vault maps discovered:
D:1:      tarquinn_simple_flora_water_f, layout_basic, minmay_misc_feat_tower,
          minmay_tall_x
D:2:      layout_basic, minmay_vboxes, uniq_natasha
D:3:      layout_rooms, serial_bayou_pond_d, uniq_terence
D:4:      layout_rooms, mainiacjoe_overflow_six_doors_small, temple_pool_b
D:5:      layout_gridville, uniq_pikel
Temple:   nicolae_temple_god_jail

Notes
Turn   | Place    | Note
-------+----------+-------------------------------------------
     0 | D:1      | Drazool the Vampire Air Elementalist began the quest for
                  | the Orb.
     0 | D:1      | Reached XP level 1. HP: 13/13 MP: 3/3
     9 | D:1      | Identified a +0 crystal plate armour
    24 | D:1      | You fall into a shaft and drop 1 floor!
   272 | D:2      | Reached XP level 2. HP: 16/19 MP: 1/5
   380 | D:2      | Reached skill level 4 in Air Magic
   613 | D:1      | Gained mutation: You are afflicted with vampirism and can
                  | become a bat while bloodless. [Vampire growth]
   613 | D:1      | Reached XP level 3. HP: 14/24 MP: 6/6
   683 | D:1      | Reached skill level 1 in Short Blades
   920 | D:1      | Reached skill level 2 in Short Blades
   924 | D:1      | Reached XP level 4. HP: 29/30 MP: 7/7
  1423 | D:2      | Noticed Natasha
  1437 | D:2      | Killed Natasha
  1438 | D:2      | Reached skill level 3 in Short Blades
  1642 | D:2      | Noticed Natasha
  1668 | D:2      | Killed Natasha
  1669 | D:2      | Reached skill level 4 in Short Blades
  1669 | D:2      | Reached XP level 5. HP: 28/35 MP: 8/8
  1689 | D:2      | Noticed Natasha
  1725 | D:1      | Killed Natasha
  2028 | D:3      | Noticed Terence
  2060 | D:3      | Killed Terence
  2201 | D:3      | Reached skill level 5 in Short Blades
  2346 | D:3      | Reached skill level 1 in Fighting
  2676 | D:4      | Reached XP level 6. HP: 44/44 MP: 9/9
  2684 | D:4      | Found a broken altar of Ashenzari.
  2695 | D:4      | Reached skill level 2 in Fighting
  2808 | D:4      | Found a staircase to the Ecumenical Temple.
  2857 | Temple   | Entered the Ecumenical Temple
  2872 | Temple   | Became a worshipper of Cheibriados the Contemplative
  3070 | D:4      | Reached skill level 3 in Fighting
  3134 | D:4      | Reached skill level 1 in Armour
  3270 | D:5      | Entered Level 5 of the Dungeon
  3289 | D:5      | Reached skill level 2 in Armour
  3289 | D:5      | Reached XP level 7. HP: 52/52 MP: 10/10
  3377 | D:5      | HP: 7/72 [wight/+2 spear (8)]
  3476 | D:4      | Reached skill level 3 in Armour
  3554 | D:5      | Reached skill level 4 in Fighting
  3616 | D:5      | Noticed Pikel
  3625 | D:5      | HP: 6/81 [Pikel/+0 whip of electrocution (16)]
  3626 | D:5      | Mangled by Pikel

Vanquished Creatures
  An ogre (D:4)
  A lemure (D:5)
  3 scorpions
  A wight (D:5)
  2 howler monkeys (D:4)
  A jelly (D:4)
  A hound (D:4)
  An iguana (D:3)
  Natasha (thrice) (D:2 D:1)
  An orc wizard (D:4)
  Terence (D:3)
  2 gnolls (D:1)
  5 adders
  2 ribbon worms (D:2)
  5 dart slugs
  9 orcs
  4 ball pythons
  7 endoplasms
  2 giant cockroaches
  5 goblins
  9 hobgoblins
  3 jackals (D:1)
  7 kobolds
  3 quokkas
  4 bats
  2 frilled lizards (D:2)
  7 rats
92 creatures vanquished.

Table legend: (Time is in decaauts)
 A = Elapsed time spent in this place.
 B = Non-inter-level travel time spent in this place.
 C = Inter-level travel time spent in this place.
 D = Time resting spent in this place.
 E = Time spent auto-exploring this place.
 F = Levels seen in this place.
 G = Mean time per level.
                   A        B        C        D        E       F      G
               +--------+--------+--------+--------+--------+-----+--------+
         Total |   3681 |   3559 |    122 |    379 |   2106 |   6 |  613.5 |
       Dungeon |   3649 |   3542 |    107 |    379 |   2106 |   5 |  729.8 |
        Temple |     32 |     17 |     15 |      0 |      0 |   1 |   32.0 |
               +--------+--------+--------+--------+--------+-----+--------+

Top non-repeatable levels by time:
     D:2: 1142 daAuts
     D:4: 990 daAuts
     D:1: 761 daAuts
     D:3: 517 daAuts
     D:5: 237 daAuts
  Temple: 32 daAuts

Table legend:
 A = Non-vault XP
 B = Vault XP
 C = Vault XP percentage of total XP
 D = Non-vault monster count
 E = Vault monster count
 F = Vault count percentage of total count
                 A         B        C        D         E       F
            +---------+---------+-------+---------+---------+-------
      Total |     960 |     121 |  11.2 |      77 |      14 |  15.4
            +---------+---------+-------+---------+---------+-------
        D:1 |      92 |      20 |  17.9 |      26 |       4 |  13.3
        D:2 |      91 |      69 |  43.1 |      14 |       9 |  39.1
        D:3 |      55 |      32 |  36.8 |      10 |       1 |   9.1
        D:4 |     473 |       0 |   0.0 |      23 |       0 |   0.0
        D:5 |     249 |       0 |   0.0 |       4 |       0 |   0.0
            +---------+---------+-------+---------+---------+-------
